 Seeded DCSS version 0.29-a0-111-gbaf749a769 (webtiles) character file.

Game seed: 13219885370010268331 (custom seed)

37 Hubjo the Sneak (level 3, 0/24 HPs)
             Began as a Vampire Enchanter on Feb 17, 2022.
             Slain by an iguana (13 damage)
             ... on level 4 of the Dungeon.
             The game lasted 00:01:43 (725 turns).

Hubjo the Sneak (Vampire Enchanter)                  Turns: 725, Time: 00:01:43

Health: 0/24       AC:  2    Str: 13    XL:     3   Next: 23%
Magic:  6/6        EV: 13    Int: 17    God:
Gold:   38         SH:  0    Dex: 16    Spells: 6/6 levels left

rFire   . . .      SeeInvis +   a - +1 dagger
rCold   . . .      Faith    .   (no shield)
rNeg    . . .      Spirit   .   b - +0 robe
rPois   .          Reflect  .   (no helmet)
rElec   .          Harm     .   (no cloak)
rCorr   .          Rampage  .   (no gloves)
Will    .....                   (no boots)
Stlth   +++.......              f - amulet of the acrobat
HPRegen 0.28/turn               l - +6 ring of strength
MPRegen 0.10/turn               (no ring)

@: healing quickly
A: alive, fangs 3, see invisible, vampiric 2
a: Exsanguinate


You were on level 4 of the Dungeon.
You visited 1 branch of the dungeon, and saw 4 of its levels.

You collected 38 gold pieces.

Inventory:

Hand Weapons
 a - a +1 dagger (weapon)
Armour
 b - a +0 robe (worn)
Jewellery
 f - an amulet of the acrobat (around neck)
 l - a +6 ring of strength (left hand)
 m - a ring of magical power
Scrolls
 d - a scroll of fear {unknown}
 e - 2 scrolls of identify {unknown}
 g - a scroll of teleportation {unknown}
 j - a scroll of summoning {unknown}
Potions
 c - a potion of invisibility
 h - 2 potions of berserk rage {unknown}
 i - a potion of mutation {unknown}
 k - 2 potions of brilliance {unknown}


   Skills:
 + Level 1.8 Short Blades
 + Level 2.6 Dodging
 + Level 4.9 Stealth
 + Level 2.3 Spellcasting
 + Level 4.8 Hexes


You had 6 spell levels left.
You didn't know any spells.
Your spell library contained the following spells:

 Spells                   Type           Power      Damage    Failure   Level
 Confusing Touch          Hex            18%        N/A       8%          3
 Tukima's Dance           Hex            18%        N/A       8%          3
 Ensorcelled Hibernation  Hex/Ice        20%        N/A       11%         2
 Dazzling Flash           Conj/Hex       20%        N/A       21%         3
 Corpse Rot               Necr/Air       4%         N/A       28%         2
 Dispel Undead            Necr           2%         3d7       88%         4
 Death Channel            Necr           1%         N/A       100%        6


Dungeon Overview and Level Annotations

Branches:
Dungeon (4/15)
 Temple: D:4-7

Altars:

Shops:
D:1 :


Innate Abilities, Weirdness & Mutations

Your natural rate of healing is accelerated.
You have razor-sharp teeth.
You have supernaturally acute eyesight. (SInv)
You are afflicted with vampirism and can become a bat while bloodless.


Message History

A bat comes into view.
A bat is nearby!
There is a stone staircase leading down here.
The helpless bat fails to defend itself.
You impale the bat!!
You kill the bat!
No target in view!
No target in view!
No target in view!
No target in view!
No target in view!
There is a stone staircase leading down here.
There is a stone staircase leading down here.
You climb downwards.
Found a scroll labelled TAIHIA ICUICW and 26 stones.
There is a stone staircase leading up here.
Found a dagger.
You hit the iguana. Your bite misses the iguana.
The iguana is moderately wounded.
The iguana barely misses you.
You hit the iguana.
The iguana is moderately wounded.
The iguana bites you but does no damage.
You closely miss the iguana. Your bite misses the iguana.
The iguana is moderately wounded.
The ball python hisses angrily.
The iguana misses you.
You hit the iguana.
The iguana is moderately wounded.
The iguana bites you but does no damage.
You hit the iguana but do no damage.
The iguana is moderately wounded.
You hit the iguana but do no damage.
The iguana is moderately wounded.
The iguana bites you!
You hit the iguana but do no damage.
The iguana is moderately wounded.
The iguana bites you!
Ouch! That really hurt!
You die...

# #..
#########...#
#.........#..
#..?......).#
+.<..@l...#
#...........#
#...S.....#..
##......##..#
#......# ..
......... .
...........
.....(......


You could see an iguana and a ball python.

Vanquished Creatures
  2 adders (D:2)
  A worm (D:1)
  A dart slug (D:1)
  2 endoplasms
  A goblin (D:1)
  4 jackals (D:1)
  A ball python (D:2)
  2 bats
  A frilled lizard (D:1)
  A rat (D:2)
16 creatures vanquished.

Notes
Turn   | Place    | Note
-------+----------+-------------------------------------------
     0 | D:1      | Hubjo the Vampire Enchanter began the quest for the Orb.
     0 | D:1      | Reached XP level 1. HP: 13/13 MP: 3/3
    11 | D:1      | Found Arhuwn's Book Shop.
   158 | D:1      | Reached XP level 2. HP: 6/19 MP: 5/5
   474 | D:1      | Found a faded altar of an unknown god.
   560 | D:1      | You fall into a shaft and drop 1 floor!
   615 | D:1      | You fall into a shaft and drop 1 floor!
   626 | D:2      | Gained mutation: You are afflicted with vampirism and can
                  | become a bat while bloodless. [Vampire growth]
   626 | D:2      | Reached XP level 3. HP: 19/24 MP: 6/6
   725 | D:4      | Slain by an iguana

Illustrated notes

Levels and vault maps discovered:
D:1:      dpeg_arrival_tiny_d, layout_rooms, serial_shops, shop,
          dilly_ecumenical_altar_fadedgnrine, nicolae_wormholes
D:2:      layout_loops_cross, minmay_tiny_reverse_x, uniq_natasha
D:3:      layout_basic, minmay_misc_feat_diagonals, st_stairs_14, corexii_shack,
          chequers_arboretum, serial_park_tiny_2, minmay_statues_item
D:4:      layout_gridville, mainiacjoe_overflow_paths, minmay_temple_entry_mist,
          serial_shops, nicolae_square_shop, hex_large

Action                   || total
-------------------------++-------
Melee: Dagger            ||    46
       Bite              ||     1
 Stab: Sleeping          ||    11
Armor: Robe              ||     8
Dodge: Dodged            ||    34

Table legend: (Time is in decaauts)
 A = Elapsed time spent in this place.
 B = Non-inter-level travel time spent in this place.
 C = Inter-level travel time spent in this place.
 D = Time resting spent in this place.
 E = Time spent auto-exploring this place.
 F = Levels seen in this place.
 G = Mean time per level.
                   A        B        C        D        E       F      G
               +--------+--------+--------+--------+--------+-----+--------+
         Total |    721 |    666 |     55 |      0 |    416 |   4 |  180.2 |
       Dungeon |    721 |    666 |     55 |      0 |    416 |   4 |  180.2 |
               +--------+--------+--------+--------+--------+-----+--------+

Top non-repeatable levels by time:
     D:1: 575 daAuts
     D:2: 107 daAuts
     D:3: 28 daAuts
     D:4: 9 daAuts
